 Dungeon Crawl Stone Soup version 0.18.1-8-gdd0e5ea (webtiles) character file.

285 zeroDi the Sneak (level 6, -4/30 HPs)
             Began as a Vine Stalker Assassin on May 30, 2016.
             Slain by an iguana (11 damage)
             ... on level 3 of the Dungeon.
             The game lasted 00:08:58 (2902 turns).

zeroDi the Sneak (Vine Stalker Assassin)            Turns: 2902, Time: 00:08:58

Health: -4/30      AC:  3    Str: 13    XL:     6   Next: 29%
Magic:  0/7        EV: 11    Int: 11    God:
Gold:   171        SH:  0    Dex: 18    Spells: 0 memorised, 5 levels left

rFire  . . .     SeeInvis .     a - +2 dagger
rCold  . . .     Gourm    .     c - +0 robe
rNeg   . . .     Faith    .     (no shield)
rPois  .         Spirit   +     (no helmet)
rElec  .         Dismiss  .     d - +0 cloak
rCorr  .         Reflect  .     (no gloves)
SustAt .         Harm     .     (no boots)
MR     .....                    (no amulet)
Stlth  ++++......               (no ring)
                                (no ring)

@: not resistant to hostile enchantments, stealthy
A: fangs 2, regeneration 2, magic shield, antimagic bite, no device heal 3, rot
immunity
a: no special abilities


You were on level 3 of the Dungeon.
You were not hungry.

You visited 1 branch of the dungeon, and saw 4 of its levels.

You collected 171 gold pieces.


Innate Abilities, Weirdness & Mutations

You have extremely sharp teeth.
You heal very quickly.
When hurt, damage is shared between your health and your magic reserves.
Your bite disrupts and absorbs the magic of your enemies.
Potions and wands cannot restore your health.
You are immune to rotting.


   Skills:
 - Level 1.7 Fighting
 - Level 5.0 Short Blades
 - Level 1.7 Throwing
 - Level 0.7 Dodging
 * Level 6.5 Stealth


You had 5 spell levels left.
You didn't know any spells.

Inventory:

Hand Weapons
 a - a +2 dagger (weapon)
 b - a +0 blowgun
Missiles
 e - 6 poisoned needles
 j - 2 curare-tipped needles {=f}
 q - 7 needles of frenzy
Armour
 c - a +0 robe (worn)
 d - a +0 cloak (worn)
Jewellery
 k - an uncursed amulet of magic regeneration
 p - an uncursed ring of fire
Wands
 x - a wand of random effects (23/48)
Scrolls
 h - a scroll of magic mapping {unknown}
 i - a scroll of identify {@r1}
 l - a scroll of recharging {unknown}
 m - a scroll of noise {unknown}
 r - a scroll of fog {unknown}
 s - a scroll of remove curse {unknown}
 w - a scroll of random uselessness {unknown}
Potions
 n - 2 potions of brilliance
 o - 2 potions of magic {unknown}
 t - a potion of agility
 v - 2 potions of berserk rage {!q}
 z - a potion of curing {unknown}
 A - a potion of lignification {unknown}
Comestibles
 g - a bread ration
 u - 2 meat rations
 B - a beef jerky

Dungeon Overview and Level Annotations

Branches:
Dungeon (4/15)
 Temple: D:4-7

Altars:
Elyvilon
Xom
Zin
The Shining One

Shops:
D:4

[ .....#.......####...## ##
..............####...###########.
.#.#..........'..................
÷.............#........#########.
†#.#.#.......##.##..##.# #.
.....##.....###.##.###.# #.
.#.#.###...## #.##.###.# ###(
.....# ##'## #.#l#.##.# #...
.....# #.# #.@hh....# #.#. ..####
#.# ####.##### #####... <.##
##.## #.# #....... ##.## ##...##
#.# #.###.## ##.###.....######.#
#.# #.# ##.#...........>.# #.#
#.## #...##.########## #.# #...
##.###### #.# #### ##.## #.#


You could see an iguana and 2 hounds.


Message History

The hound bites you.
* * * LOW HITPOINT WARNING * * *
The hound bites you.
* * * LOW HITPOINT WARNING * * *
The hound closely misses you. The hound bites you.
* * * LOW HITPOINT WARNING * * *
There is a stone staircase leading up here.
The hound bites you.
* * * LOW HITPOINT WARNING * * *
The hound bites you.
* * * LOW HITPOINT WARNING * * *
You climb upwards.
There is a stone staircase leading down here.
The hound bites you.
* * * LOW HITPOINT WARNING * * *
The hound barely misses you. x2
The hound bites you but does no damage.
An iguana comes into view.
The iguana bites you!
You die...

Action                   |  1- 3 |  4- 6 || total
-------------------------+-------+-------++-------
Melee: Dagger            |    56 |   170 ||   226
       Bite              |    11 |    61 ||    72
 Fire: Blowgun           |       |     6 ||     6
  Use: Scroll            |       |     5 ||     5
 Stab: Sleeping          |     8 |    11 ||    19
  Eat: Chunk             |       |     6 ||     6
Armor: Robe              |     8 |    27 ||    35
Dodge: Dodged            |    30 |    94 ||   124

Vault maps used:
D:1:      dpeg_arrival_shrine, serial_bayou_ford_a, minmay_misc_feat_iff
D:2:      good_gods_mini_temple, kennysheep_nub, uniq_crazy_yiuf_cottage
D:3:      serial_glass, glass_columns_b, glass_columns_b, glass_columns_c,
          glass_columns_b, glass_columns_c, glass_columns_a, glass_columns_c,
          glass_columns_b, dk_xom_monty_hall
D:4:      minitemple, serial_shops, shop, cheibrodos_gnoll_hut

Notes
Turn   | Place    | Note
--------------------------------------------------------------
     0 | D:1      | zeroDi the Vine Stalker Assassin began the quest for the Orb.
     0 | D:1      | Reached XP level 1. HP: 11/11 MP: 2/2
    80 | D:1      | Reached skill level 2 in Short Blades
   145 | D:1      | Reached XP level 2. HP: 12/15 MP: 3/3
   554 | D:2      | Reached skill level 3 in Short Blades
   554 | D:2      | Reached XP level 3. HP: 18/18 MP: 4/4
   695 | D:2      | Found a glowing silver altar of Zin.
   695 | D:2      | Found a glowing golden altar of the Shining One.
   695 | D:2      | Found a white marble altar of Elyvilon.
   828 | D:2      | Reached XP level 4. HP: 23/23 MP: 5/5
  1021 | D:2      | Reached skill level 4 in Short Blades
  1201 | D:2      | Noticed Crazy Yiuf
  1209 | D:2      | Killed Crazy Yiuf
  1582 | D:3      | Reached XP level 5. HP: 26/26 MP: 6/6
  1663 | D:3      | Reached skill level 5 in Short Blades
  1744 | D:3      | Reached skill level 5 in Stealth
  1834 | D:3      | Found a shimmering altar of Xom.
  2053 | D:3      | Reached skill level 6 in Stealth
  2053 | D:3      | Gained mutation: You heal very quickly. [Vine Stalker growth]
  2053 | D:3      | Reached XP level 6. HP: 30/30 MP: 7/7
  2765 | D:4      | Found Roram's Antique Armour Shoppe.
  2902 | D:3      | Slain by an iguana

Vanquished Creatures
  An orc wizard (D:3)
  2 jellies (D:3)
  Crazy Yiuf (D:2)
  9 adders
  An ooze (D:2)
  2 dart slugs (D:3)
  A giant gecko (D:1)
  11 orcs
  4 bats
  4 giant cockroaches
  6 goblins
  6 hobgoblins
  6 jackals
  7 kobolds
  A sheep (D:3)
  5 giant newts
  7 rats
  A fungus (D:2)
75 creatures vanquished.
